[Event "EYCC O18-ch 2024"]
[Site "Prague"]
[Date "2024.08.29"]
[Round "7.3"]
[White "Sokolovsky, Yahli"]
[Black "Slagboom, Leandro"]
[Result "1-0"]
[ECO "C13"]
[WhiteElo "2522"]
[BlackElo "2331"]
[Annotator "TA"]
[PlyCount "95"]
[EventDate "2024.08.19"]
[EventType "swiss"]
[EventCountry "CZE"]
[SourceTitle "playchess.com"]
[Source "ChessBase"]
[SourceQuality "1"]
[TimeControl "5400+30"]

1. e4 e6 2. d4 d5 3. Nc3 Nf6 4. Bg5 Be7 5. e5 Nfd7 6. h4 Bxg5 7. hxg5 Qxg5 8. Nh3 Qh4 9. g3 {[%emt 0:00:12][%mdl 1024] White has compensation.} Qe7 10. Qg4 g6 {[%emt 0:00:48] The position is equal.} 11. Ng5 h6 {[%emt 0:00:16][%cal Oa7a6] [#]} 12. O-O-O $1 Nc6 13. f4 Nb6 14. Rh4 Bd7 15. Qh3 Qf8 16. Bb5 Ne7 17. g4 {[%emt 0:01:35] Prevents Nf5} O-O-O 18. Rh1 Bxb5 19. Nxb5 a6 20. Nc3 h5 $1 21. Qh2 Nc4 {[%emt 0:02:39][%cal Bb6c4,Bc4a3,Ba3b5,Bb5a7,Ba7c6][%mdl 32] Strongly threatening ...Nc6.} 22. Nd1 Rh6 23. b3 (23. gxh5 Nf5 24. Rh3 Rxh5 $15 (24... Nxd4 25. b3 $15)) 23... Na3 24. Qd2 (24. gxh5 Nf5 25. Rh3 Rxh5 $15) 24... Nb5 25. a4 (25. gxh5 Nf5 26. R4h3 gxh5 $17 (26... Nfxd4 $2 27. a4 $18) (26... Nbxd4 27. hxg6 Rxg6 28. Kb1 $15)) 25... Na7 26. f5 exf5 27. gxh5 Rxh5 28. Rxh5 gxh5 29. Rxh5 Qg8 30. Rh6 Nac6 31. c3 Re8 32. Nh7 $36 {[%emt 0:05:30][%mdl 2048] Black must now prevent Nf6. White fights for an advantage.} Qg7 {[%emt 0:01:23] ...Rh8 is the strong threat.} 33. Qg5 Rg8 34. Qxg7 Rxg7 35. Nf6 {[%emt 0:00:02] aiming for Rh8+.} b6 36. Ne3 Kb7 (36... f4 $1 $11 37. Nexd5 f3) 37. Nfxd5 $16 {[%emt 0:00:52] White has more active pieces.} Nxd5 38. Nxd5 {[%emt 0:00:01][%mdl 4096] Endgame. KRN-KRN} Nd8 39. Rf6 Rg5 40. Ne7 Rg3 41. Kc2 (41. Rxf5 Rxc3+ 42. Kb2 Re3 $14) 41... Rg2+ 42. Kd3 b5 (42... Rg3+ {is a better defense.} 43. Kc4 b5+ 44. axb5 axb5+ 45. Kb4 (45. Kxb5 Rxc3 46. Nxf5 Rxb3+ 47. Kc4 Ra3 $11) 45... Re3 46. Nxf5 (46. Kxb5 Rxc3 47. Kb4 Rc1 $16) (46. Nd5 Rf3 $18) 46... Rd3) 43. axb5 axb5 (43... Rg3+ $142 44. Kd2 axb5 45. Nxf5 (45. Rxf5 b4 $16) 45... Rh3) 44. Nxf5 $18 Rg1 45. b4 Kc8 46. Nh6 Rg7 $2 (46... Rg3+ 47. Kd2 Rg7) 47. d5 Kd7 {[%emt 0:00:59] [#]} 48. Nxf7 $1 {[%emt 0:00:38][%mdl 512] Weighted Error Value: White=0.04 (flawless) /Black=0.23 (precise) .  Mistake:       	---       	Black=4      Inaccurate:     	White=1     	Black=2      OK:         	White=21    	Black=15     Best:        	White=1     	---        Strong:       	---       	Black=1} 1-0

[Event "EYCC O18-ch 2024"]
[Site "Prague"]
[Date "2024.08.29"]
[Round "7.3"]
[White "Backiel, Hubert"]
[Black "Zlatkov, Anton"]
[Result "1/2-1/2"]
[ECO "A21"]
[WhiteElo "2216"]
[BlackElo "2297"]
[Annotator "RC"]
[PlyCount "70"]
[EventDate "2024.08.19"]
[EventType "swiss"]
[EventCountry "CZE"]
[SourceTitle "playchess.com"]
[Source "ChessBase"]
[SourceQuality "1"]
[TimeControl "5400+30"]

1. c4 e5 2. Nc3 Bb4 3. Nd5 Be7 4. d4 d6 5. e4 c6 6. Nxe7 Qxe7 7. Be3 Nf6 8. f3 O-O 9. d5 cxd5 10. cxd5 Nh5 11. g4 Nf4 12. Ne2 Na6 13. Qd2 Bd7 14. O-O-O Nc5 15. Nxf4 exf4 16. Bxc5 Rac8 17. Kb1 Rxc5 18. Qxf4 f6 19. Be2 g5 20. Qg3 Qe5 21. Qxe5 fxe5 22. h4 gxh4 23. Rxh4 Be8 24. Rc1 b6 25. Rhh1 a5 26. a3 a4 27. Rc3 Kg7 28. Kc2 Rf7 29. Kd2 Kg6 30. Ke3 Rfc7 31. Rhc1 Kg5 32. Ba6 Bd7 33. Be2 Be8 34. Bd1 Ra7 35. Be2 Rac7 1/2-1/2

[Event "EYCC O18-ch 2024"]
[Site "Prague"]
[Date "2024.08.29"]
[Round "7.4"]
[White "Malek, Jan"]
[Black "Soderstrom, Adrian"]
[Result "1-0"]
[ECO "D86"]
[WhiteElo "2482"]
[BlackElo "2318"]
[Annotator "RC"]
[PlyCount "85"]
[EventDate "2024.08.19"]
[EventType "swiss"]
[EventCountry "CZE"]
[SourceTitle "playchess.com"]
[Source "ChessBase"]
[SourceQuality "1"]
[TimeControl "5400+30"]

1. d4 Nf6 2. c4 g6 3. Nc3 d5 4. cxd5 Nxd5 5. e4 Nxc3 6. bxc3 Bg7 7. Bc4 c5 8. Ne2 O-O 9. O-O Nc6 10. Be3 Bg4 11. f3 Bd7 12. Rb1 cxd4 13. cxd4 a6 14. h4 h5 15. Rf2 Na5 16. Bd3 b5 17. Rc1 Qb6 18. Qd2 Rfc8 19. d5 Qd8 20. Rff1 Nc4 21. Bxc4 bxc4 22. Bd4 Bxd4+ 23. Qxd4 Qa5 24. Nc3 Qc5 25. Qxc5 Rxc5 26. f4 Rb8 27. Rb1 Rcc8 28. Kf2 e6 29. d6 Kf8 30. Ke3 Bc6 31. g3 Ke8 32. Rxb8 Rxb8 33. Rb1 Rd8 34. e5 f6 35. Rb6 Kd7 36. Rxa6 fxe5 37. fxe5 Rf8 38. Ra7+ Kd8 39. Kd4 Rf3 40. Kc5 Bd7 41. Ra8+ Bc8 42. Na4 Ra3 43. d7 1-0

[Event "EYCC O18-ch 2024"]
[Site "Prague"]
[Date "2024.08.29"]
[Round "7.4"]
[White "Hercegovac, Neven"]
[Black "Hak, David"]
[Result "0-1"]
[ECO "B36"]
[WhiteElo "2278"]
[BlackElo "2239"]
[Annotator "RC"]
[PlyCount "78"]
[EventDate "2024.08.19"]
[EventType "swiss"]
[EventCountry "CZE"]
[SourceTitle "playchess.com"]
[Source "ChessBase"]
[SourceQuality "1"]
[TimeControl "5400+30"]

1. e4 c5 2. Nf3 Nc6 3. d4 cxd4 4. Nxd4 g6 5. c4 Nf6 6. Nc3 d6 7. Be2 Nxd4 8. Qxd4 Bg7 9. O-O O-O 10. Qd3 Nd7 11. Be3 Nc5 12. Qc2 Bd7 13. Rad1 Bxc3 14. Qxc3 Nxe4 15. Qd4 f5 16. Qd5+ Rf7 17. Qxb7 Rb8 18. Qxa7 Rxb2 19. Bf3 Nc3 20. Rd2 Rb8 21. Qd4 Qa5 22. Rc1 Na4 23. h4 Nc5 24. Re2 Qc7 25. Bd5 e6 26. Bd2 h5 27. Bc3 Kh7 28. Rce1 Rbf8 29. Bf3 e5 30. Qd2 e4 31. Bxh5 f4 32. Bf3 Bc6 33. Bg4 Qe7 34. g3 e3 35. Qd4 Ne4 36. f3 fxg3 37. fxe4 Qxh4 38. Bf3 g5 39. Bh1 Rf1+ 0-1

[Event "EYCC O18-ch 2024"]
[Site "Prague"]
[Date "2024.08.29"]
[Round "7.5"]
[White "Rozen, Eytan"]
[Black "Piliposyan, Robert"]
[Result "1/2-1/2"]
[ECO "A14"]
[WhiteElo "2478"]
[BlackElo "2376"]
[Annotator "TA"]
[PlyCount "214"]
[EventDate "2024.08.19"]
[EventType "swiss"]
[EventCountry "CZE"]
[SourceTitle "playchess.com"]
[Source "ChessBase"]
[SourceQuality "1"]
[TimeControl "5400+30"]

1. c4 e6 2. g3 d5 3. Bg2 Nf6 4. Nf3 Be7 5. O-O O-O 6. d4 dxc4 7. Qc2 b5 8. a4 Bb7 9. axb5 a6 10. bxa6 {[%emt 0:00:20] White has an edge.} (10. Qxc4 $2 {too greedy.} axb5 11. Qxb5 Bc6 (11... Rxa1 $2 12. Qxb7 Rxb1 13. Qa8 $19) 12. Rxa8 Bxb5 $19) 10... Nxa6 11. Qxc4 Bd5 12. Qd3 Nb4 13. Rxa8 Qxa8 14. Qd1 Na2 15. Nc3 Nxc3 16. bxc3 h6 17. Bf4 c5 18. Qa1 cxd4 19. cxd4 Ne4 20. Qb2 Ba3 21. Qb5 {[%emt 0:04:16] Strongly threatening Ra1.} g5 (21... Nc3 $5 22. Qd3 $8 Bb4 $11) 22. Bc7 Nc3 23. Qd3 Bb4 {[%emt 0:00:19] White must now prevent ...Rc8.} 24. Ne1 Rc8 25. Bxd5 Nxd5 26. Be5 Rc1 27. Nf3 Rxf1+ 28. Kxf1 g4 {[%emt 0:00:13] [#]} 29. Ng1 Qc6 30. h3 h5 31. hxg4 (31. e4 $16 Nc3 32. d5) 31... hxg4 $14 32. e4 Nc3 {[%emt 0:03:45] [#]} 33. d5 $1 exd5 34. Bxc3 Qxc3 35. Qxd5 {[%emt 0:00:56][%mdl 4096] Endgame. KQB-KQN} Qf6 36. Qd7 Qe6 37. Qd4 Qd6 38. Qc4 Qc5 39. Qd3 Qd6 40. Qe3 (40. Qe2 $16) 40... Qd2 $11 41. Qxd2 Bxd2 {[%emt 0:00:02] KB-KN} 42. Ne2 Kg7 43. Nd4 Kf6 44. Ke2 Bc1 45. Nf5 Kg5 46. Nd6 Kf6 47. Nc4 Bh6 48. Kd3 Bf8 49. Kd4 {[%emt 0:00:12] aiming for Ne5.} Kg5 50. Kd5 Bb4 51. Ne5 f6 52. Nd3 Bc3 53. Kc4 Ba5 54. Kd4 Bb6+ 55. Kd5 Ba7 56. Nc5 Kg6 57. Kd6 Bb6 58. Nd3 Kg5 59. Ke6 Ba7 60. Kf7 Bd4 61. Kf8 Ba7 62. Kg7 Bd4 63. Kf7 Ba7 64. Ke6 Bd4 65. Kd5 Ba7 66. Kc4 Bb6 67. Kc3 Ba7 68. Kd2 Bd4 69. Ke2 Bb6 70. Nf4 Ba7 71. Nd5 Bd4 72. Nf4 {[%emt 0:00:36] White threatens Ne6+ and mate.} Bb6 (72... Ba7 $5 ) 73. Ne6+ Kg6 74. f4 gxf3+ 75. Kxf3 Ba7 76. Kg4 Bf2 77. Nf4+ Kf7 78. Nd3 Bd4 79. Kf5 Bc3 80. Nc5 Be5 81. g4 Bd4 82. Nb7 Ba1 83. Na5 Bc3 84. Nc6 Bb2 85. Nb4 Bc3 86. Nd3 Bd4 87. Ne1 Bc3 88. Nf3 Ba1 89. Kf4 Bb2 90. Ke3 Ke6 91. Kd3 Kf7 92. Kc2 Ba3 93. Kb3 Bc1 94. Kc4 Ke6 95. Kc5 Ba3+ 96. Kc6 Bb2 97. Kc7 Ke7 98. Kc8 Bc3 99. Nh4 Ke6 {[%emt 0:00:24] The position is equal.} 100. Ng6 Ba5 101. Kb7 Bd2 102. Kc6 Bg5 103. Nf8+ Ke5 104. Kd7 Kxe4 105. Ke6 Kf4 106. Nd7 Kxg4 107. Nxf6+ Bxf6 {[%emt 0:00:33] Weighted Error Value: White=0.06 (flawless) /Black=0.05 (flawless) .  Mistake:       	White=2     	---        Inaccurate:     	White=4     	Black=4      OK:         	White=39    	Black=54     Best:        	White=2     	Black=2      Brilliant:      	White=1     	---} 1/2-1/2

[Event "EYCC O18-ch 2024"]
[Site "Prague"]
[Date "2024.08.29"]
[Round "7.5"]
[White "Kocsmar, Akos"]
[Black "Bokhnak, Timofey"]
[Result "1/2-1/2"]
[ECO "D45"]
[WhiteElo "2187"]
[BlackElo "2273"]
[Annotator "RC"]
[PlyCount "88"]
[EventDate "2024.08.19"]
[EventType "swiss"]
[EventCountry "CZE"]
[SourceTitle "playchess.com"]
[Source "ChessBase"]
[SourceQuality "1"]
[TimeControl "5400+30"]

1. d4 Nf6 2. c4 e6 3. Nf3 d5 4. Nc3 c6 5. e3 Nbd7 6. Qc2 Bd6 7. Bd3 O-O 8. O-O dxc4 9. Bxc4 b5 10. Be2 Bb7 11. e4 e5 12. dxe5 Nxe5 13. Nh4 g6 14. f4 Bc5+ 15. Kh1 Neg4 16. g3 Ne3 17. Bxe3 Bxe3 18. Bf3 Qb6 19. e5 Nd5 20. Ng2 Bd4 21. Nxd5 cxd5 22. Rad1 Rad8 23. b4 Rc8 24. Qd3 Rc4 25. a3 Rd8 26. Rfe1 Qc7 27. e6 fxe6 28. Rxe6 Bc8 29. Ree1 Qf7 30. Ne3 Bxe3 31. Qxe3 d4 32. Qe7 Rd7 33. Qe8+ Kg7 34. Qe5+ Qf6 35. Qxb5 Rc3 36. Kg2 d3 37. Re8 Rc2+ 38. Kf1 Qd4 39. Qe5+ Qxe5 40. Rxe5 Rxh2 41. Bg2 d2 42. Kg1 Rh5 43. Rxh5 gxh5 44. Bf1 h4 1/2-1/2

[Event "EYCC O18-ch 2024"]
[Site "Prague"]
[Date "2024.08.29"]
[Round "7.6"]
[White "Garcia Fernandez, Victor"]
[Black "Razafindratsima, Timothe"]
[Result "0-1"]
[ECO "E20"]
[WhiteElo "2313"]
[BlackElo "2457"]
[Annotator "TA"]
[PlyCount "96"]
[EventDate "2024.08.19"]
[EventType "swiss"]
[EventCountry "CZE"]
[SourceTitle "playchess.com"]
[Source "ChessBase"]
[SourceQuality "1"]
[TimeControl "5400+30"]

1. d4 Nf6 2. c4 e6 3. Nc3 Bb4 4. g3 d5 5. Bg2 O-O 6. Nf3 dxc4 7. O-O Nc6 8. Re1 Rb8 9. a3 Ba5 10. Bg5 h6 11. Bh4 {[%emt 0:00:35] The position is equal.} e5 12. Nxe5 ({Don't play} 12. dxe5 Qxd1 13. Raxd1 (13. Rexd1 $2 Bxc3 14. bxc3 Ne4 $19) 13... Nh7 $17) 12... Nxe5 13. dxe5 Qxd1 14. Rexd1 Ng4 {[%emt 0:00:02][%cal Og7g5] [#] Threatens to win with ...g5!} 15. Be7 Re8 16. Bc5 Bxc3 17. bxc3 {[%emt 0:00:16] Black should prevent f4.} Nxe5 18. Bxa7 {[%emt 0:00:40] This pair of bishops is nice.} Ra8 19. Bd4 Ra5 20. Bxe5 Raxe5 21. e3 Rb5 22. Bd5 Rc5 23. Rd4 c6 24. Bxc4 (24. Rxc4 $2 {too greedy.} Rxd5 25. e4 Rd2 $19) 24... b5 25. Be2 Rxc3 26. Rdd1 Bh3 27. Rdc1 Rxc1+ 28. Rxc1 $11 {[%emt 0:00:07][%mdl 4096] Endgame. KRB-KRB} Ra8 29. Rxc6 b4 30. Bf1 $2 {[%emt 0:00:51][%mdl 8192] Now White is beyond hope.} (30. a4 $1 $11) 30... Bxf1 $19 31. Kxf1 bxa3 {[%emt 0:00:03] [#] Strongly threatening ...a2. KR-KR} ({Stronger than} 31... Rxa3 32. Rb6 $11) 32. Rc1 a2 33. Ra1 f5 34. Ke2 Kf7 35. Kd2 Ke6 (35... Kf6 $142 36. f3 Ke5) 36. h4 $2 (36. Kc3 Ke5 37. f3) 36... g5 37. hxg5 hxg5 38. Kd3 Kd5 39. f3 g4 {[%emt 0:03:55] Black mates.} 40. Ke2 gxf3+ 41. Kxf3 Ke5 42. Kf2 Ke4 43. Ke2 Ra7 44. Kf2 Ra3 45. Kg2 Kxe3 46. Kh3 Ra4 47. Kg2 Kd2 48. Kf3 Kc2 {[%emt 0:00:07] Weighted Error Value: White=0.77/Black=0.07 (flawless) .  Loses game:     	White=1     	---        Mistake:       	White=1     	Black=1      Inaccurate:     	White=2     	---        OK:         	White=11    	Black=14     Best:        	White=2     	Black=4} 0-1

[Event "EYCC O18-ch 2024"]
[Site "Prague"]
[Date "2024.08.29"]
[Round "7.6"]
[White "Sachilaru, Alexandru"]
[Black "Torres Rebolledo, Victor"]
[Result "1-0"]
[ECO "B12"]
[WhiteElo "2255"]
[BlackElo "2184"]
[Annotator "RC"]
[PlyCount "51"]
[EventDate "2024.08.19"]
[EventType "swiss"]
[EventCountry "CZE"]
[SourceTitle "playchess.com"]
[Source "ChessBase"]
[SourceQuality "1"]
[TimeControl "5400+30"]

1. e4 c6 2. d4 d5 3. e5 Bf5 4. g4 Be4 5. f3 Bg6 6. e6 fxe6 7. h4 h5 8. Bd3 Bxd3 9. Qxd3 Qd6 10. Bg5 Nd7 11. Qg6+ Kd8 12. Ne2 Ngf6 13. Nd2 e5 14. O-O-O Ne4 15. Qf5 Nxg5 16. hxg5 g6 17. Qf7 h4 18. Ne4 Qb4 19. dxe5 Nxe5 20. Rxd5+ cxd5 21. Qxd5+ Nd7 22. Rd1 Ke8 23. Qxd7+ Kf7 24. Nf4 Qb6 25. Nd6+ Kg7 26. Qe6 1-0

[Event "EYCC O18-ch 2024"]
[Site "Prague"]
[Date "2024.08.29"]
[Round "7.7"]
[White "Levin, Guy"]
[Black "Dehtiarov, Roman"]
[Result "1/2-1/2"]
[ECO "A05"]
[WhiteElo "2436"]
[BlackElo "2308"]
[Annotator "RC"]
[PlyCount "89"]
[EventDate "2024.08.19"]
[EventType "swiss"]
[EventCountry "CZE"]
[SourceTitle "playchess.com"]
[Source "ChessBase"]
[SourceQuality "1"]
[TimeControl "5400+30"]

1. Nf3 Nf6 2. c4 g6 3. g3 Bg7 4. Bg2 O-O 5. O-O d5 6. d4 dxc4 7. Na3 c3 8. bxc3 c5 9. Ne5 Nc6 10. Nxc6 bxc6 11. Bxc6 Bh3 12. Re1 Nd5 13. Bxd5 Qxd5 14. e4 Qd7 15. Be3 Rfd8 16. Nc2 Rac8 17. Rc1 cxd4 18. Nxd4 Qb7 19. Qf3 h5 20. e5 Qxf3 21. Nxf3 a6 22. Bd4 Be6 23. Ra1 Rb8 24. Ng5 Bc4 25. Ne4 Rb2 26. a4 Rd5 27. Nc5 g5 28. a5 Rb5 29. Nxa6 Rxa5 30. Nb4 Rxa1 31. Rxa1 Rd7 32. Ra8+ Kh7 33. f4 gxf4 34. gxf4 Kg6 35. Kg2 Bh6 36. Kf3 Kf5 37. Rh8 Bxf4 38. Rxh5+ Kg6 39. Rh8 Bd2 40. Rc8 Be6 41. Rg8+ Kf5 42. h4 f6 43. Rg2 Rxd4 44. cxd4 Bxb4 45. Ke3 1/2-1/2

[Event "EYCC O18-ch 2024"]
[Site "Prague"]
[Date "2024.08.29"]
[Round "7.7"]
[White "Valiyev, Shahin"]
[Black "Dogias, Christos"]
[Result "1-0"]
[ECO "B46"]
[WhiteElo "2245"]
[BlackElo "2047"]
[Annotator "RC"]
[PlyCount "119"]
[EventDate "2024.08.19"]
[EventType "swiss"]
[EventCountry "CZE"]
[SourceTitle "playchess.com"]
[Source "ChessBase"]
[SourceQuality "1"]
[TimeControl "5400+30"]

1. e4 c5 2. Nf3 e6 3. d4 cxd4 4. Nxd4 Nc6 5. Nc3 a6 6. Nxc6 bxc6 7. Bd3 Qc7 8. O-O Nf6 9. Re1 d5 10. e5 Nd7 11. Bf4 Nc5 12. Qf3 a5 13. Qg3 Ba6 14. Ne2 h6 15. h4 g6 16. Nd4 Be7 17. Bxa6 Rxa6 18. Rad1 g5 19. Bc1 Ne4 20. Qd3 Rb6 21. f3 Ng3 22. h5 Bc5 23. Be3 Bxd4 24. Qxd4 Rb4 25. Qc3 g4 26. Kf2 Nf5 27. b3 gxf3 28. gxf3 Rh4 29. Rh1 Rxh1 30. Rxh1 Rg8 31. Rg1 Rxg1 32. Kxg1 Kd7 33. Kf2 f6 34. Bf4 c5 35. Bh2 d4 36. Qe1 c4 37. Qe4 d3 38. cxd3 c3 39. Bf4 fxe5 40. Bxe5 Qc5+ 41. d4 Qc8 42. Qc2 Qc6 43. a4 Qc8 44. Ke2 Qg8 45. Kd3 Qg5 46. Qxc3 Qxh5 47. Qc7+ Ke8 48. Qc8+ Ke7 49. Qb7+ Ke8 50. Kc4 Qh1 51. Kb5 Qe1 52. Qa8+ Ke7 53. Qxa5 Qe2+ 54. Kb6 Qxf3 55. Qa7+ Ke8 56. Qb8+ Kd7 57. Qc7+ Ke8 58. Qc8+ Ke7 59. Qb7+ Qxb7+ 60. Kxb7 1-0

[Event "EYCC O18-ch 2024"]
[Site "Prague"]
[Date "2024.08.29"]
[Round "7.8"]
[White "Bakija, Alan"]
[Black "Seidl, Jan"]
[Result "1/2-1/2"]
[ECO "A37"]
[WhiteElo "2171"]
[BlackElo "2276"]
[Annotator "RC"]
[PlyCount "123"]
[EventDate "2024.08.19"]
[EventType "swiss"]
[EventCountry "CZE"]
[SourceTitle "playchess.com"]
[Source "ChessBase"]
[SourceQuality "1"]
[TimeControl "5400+30"]

1. c4 c5 2. Nf3 Nc6 3. Nc3 g6 4. g3 Bg7 5. Bg2 e5 6. O-O d6 7. a3 a5 8. Ne1 Be6 9. d3 Nge7 10. Nc2 d5 11. cxd5 Nxd5 12. Ne3 Nb6 13. Bd2 O-O 14. Ne4 Qe7 15. Rc1 Nd7 16. Nc4 Ra6 17. Ned6 Rb8 18. Nb5 Nb6 19. b3 Nxc4 20. bxc4 Nd4 21. Nc3 Qd8 22. Rb1 Ra7 23. e3 Nf5 24. Nb5 Ra6 25. Qc2 Nd6 26. Nxd6 Rxd6 27. Bxb7 Bf5 28. Bd5 Bh3 29. Rxb8 Qxb8 30. Rb1 Rb6 31. Rxb6 Qxb6 32. a4 Bf6 33. f3 Bd7 34. Kf2 Kf8 35. Bc3 Kg7 36. Qd2 Bxa4 37. Bxa5 Qb1 38. Kg2 h5 39. Bc3 Bd7 40. Qb2 Qxd3 41. Bxe5 Bh3+ 42. Kxh3 Qf1+ 43. Qg2 Qxg2+ 44. Kxg2 Bxe5 45. f4 Bb2 46. Kf3 f6 47. g4 hxg4+ 48. Kxg4 f5+ 49. Kg3 Kf6 50. h4 Bc3 51. Kf2 Bb2 52. Bc6 Bc3 53. Be8 Bb2 54. Kg3 Bc3 55. Kf2 Bb2 56. Kf3 Bc3 57. e4 fxe4+ 58. Kxe4 Be1 59. Kd5 Bxh4 60. Bxg6 Kxg6 61. Kxc5 Kf5 62. Kd6 1/2-1/2

[Event "EYCC O18-ch 2024"]
[Site "Prague"]
[Date "2024.08.29"]
[Round "7.8"]
[White "Kusiak, Mateusz"]
[Black "Elmi, Saad Abobaker"]
[Result "1/2-1/2"]
[ECO "B41"]
[WhiteElo "1887"]
[BlackElo "2383"]
[Annotator "RC"]
[PlyCount "105"]
[EventDate "2024.08.19"]
[EventType "swiss"]
[EventCountry "CZE"]
[SourceTitle "playchess.com"]
[Source "ChessBase"]
[SourceQuality "1"]
[TimeControl "5400+30"]

1. e4 c5 2. Nf3 e6 3. d4 cxd4 4. Nxd4 a6 5. g3 d5 6. Nb3 Nf6 7. exd5 exd5 8. Bg2 Nc6 9. O-O Be7 10. Nc3 Bg4 11. Qd3 d4 12. Bxc6+ bxc6 13. Qxd4 O-O 14. Re1 Qc7 15. Bf4 Qb7 16. Na5 Qxb2 17. Rab1 Qa3 18. Nxc6 Bc5 19. Qd2 Bxf2+ 20. Kxf2 Qc5+ 21. Nd4 Rad8 22. Be5 Nd7 23. Na4 Qd5 24. Bc7 Rc8 25. Nb6 Nxb6 26. Bxb6 Qxa2 27. Kg1 Qd5 28. Qa5 Qa8 29. Qg5 Bh3 30. Re2 Rfe8 31. Rbe1 h6 32. Qd2 Rxe2 33. Rxe2 Rb8 34. Qe1 Qd5 35. c4 Qxc4 36. Re8+ Rxe8 37. Qxe8+ Kh7 38. Qe2 Qb4 39. Ba7 a5 40. Nc2 Qb1+ 41. Ne1 Bf5 42. Bd4 a4 43. Bb2 f6 44. Kf2 Qa2 45. Bc1 Qb1 46. Qe3 Qa2+ 47. Kg1 Qc4 48. Ba3 Be4 49. Nf3 Qc2 50. Ne1 Qc4 51. Kf2 Qd5 52. Kg1 Qc4 53. Kf2 1/2-1/2

[Event "EYCC O18-ch 2024"]
[Site "Prague"]
[Date "2024.08.29"]
[Round "7.9"]
[White "Macias Pino, Diego"]
[Black "Xhembulla, Aleksander"]
[Result "1-0"]
[ECO "E06"]
[WhiteElo "2477"]
[BlackElo "2201"]
[Annotator "TA"]
[PlyCount "63"]
[EventDate "2024.08.19"]
[EventType "swiss"]
[EventCountry "CZE"]
[SourceTitle "playchess.com"]
[Source "ChessBase"]
[SourceQuality "1"]
[TimeControl "5400+30"]

1. d4 Nf6 2. c4 e6 3. Nf3 d5 4. g3 Be7 5. Bg2 O-O 6. O-O dxc4 7. Qc2 b5 8. a4 b4 9. Nfd2 (9. Qxc4 Ba6 10. Qc2 Nbd7 $15) 9... Nd5 10. Nxc4 {[%emt 0:01:26] White is slightly better.} (10. Qxc4 Ba6 11. Qc2 c5 (11... Bxe2 12. Re1 $15) 12. dxc5 Nd7 $19) 10... c5 11. e4 Nb6 12. Nxb6 axb6 13. d5 {[%emt 0:00:11] Dodges Nc6} Bb7 14. Bf4 exd5 15. exd5 {[%emt 0:00:15][%cal Od5d6] [#] Threatens to win with d6!} Bf6 (15... Bxd5 $2 16. Rd1 Nc6 17. Rxd5 $18 (17. Bxd5 Nd4 $18)) 16. Be3 Re8 (16... Bxd5 $2 17. Rd1 Nc6 (17... Bd4 $2 18. Bxd4 cxd4 19. Rxd4 $18) 18. Rxd5 $18 (18. Bxd5 Qd7 $18)) 17. Rd1 Nd7 18. Nd2 Rc8 19. Ne4 Be5 {[%emt 0:01:02] Against Nd6} 20. d6 Bc6 (20... Bxb2 $2 21. Ng5 g6 22. Bxb7 $18 (22. Qxb2 Bxg2 23. Kxg2 Rxe3 $16)) 21. Ng5 g6 $1 22. Bxc6 Rxc6 23. Qc4 $40 {[%emt 0:00:14][%mdl 128] White has some attack.} Qf6 24. Rd2 {[%emt 0:02:26] [#]} (24. Qb5 $11 Rec8 (24... Rxd6 $2 25. Ne4 $18) 25. a5 (25. Ne4 $2 Qf5 $19)) 24... Rec8 $2 (24... Rxd6 $2 25. Ne4 Qe7 26. Nxd6 Bxd6 27. Qd5 $18) (24... Bxb2 25. Rxb2 h6 26. Nxf7 Qxf7 27. Rxb4) (24... Bxd6 $2 25. Qd5 Ne5 26. f4 $18) (24... h6 $1 $17 25. Qg4 (25. Ne4 $2 Qe6 $19) 25... Rd8 (25... Rxd6 26. Ne4 $11)) 25. h4 ({Better is} 25. Ne4 $14 Qf5 26. Rd5) 25... h6 (25... Rxd6 $2 26. Ne4 Qe7 27. Nxd6 Bxd6 28. Bg5 $18 (28. Qd5 Ne5 $18)) 26. Ne4 Qf3 {[%emt 0:00:41][%mdl 8192] This move loses the game for Black.} (26... Qf5 $1 $11 27. Rd5 (27. Bxh6 Bd4 $11) 27... Nf6 28. Nxf6+ Qxf6) 27. Bxh6 $18 Bd4 $2 (27... Qf5 28. Rd5 Qg4) 28. Rxd4 {[%emt 0:01:35][%cal Oa1e1] Hoping for Re1! White is clearly winning.} cxd4 29. Qxd4 f6 30. Qd5+ ({Inferior is} 30. Qxb4 g5 31. Nc3 (31. hxg5 $2 {is the wrong capture.} Rc1+ $19) 31... gxh4 32. Qxh4 Rxd6 $11) 30... Kh8 31. Qf7 Rg8 {[%emt 0:01:11] Repels Qg7+} 32. Ng5 {[%emt 0:00:10] Weighted Error Value: White=0.15 (very precise) /Black=0.32.  Loses game:     	---       	Black=1      Mistake:       	White=2     	Black=2      Inaccurate:     	White=2     	Black=3      OK:         	White=10    	Black=7      Best:        	White=3     	---        Strong:       	---       	Black=1} 1-0

[Event "EYCC O18-ch 2024"]
[Site "Prague"]
[Date "2024.08.29"]
[Round "7.9"]
[White "Borrmann, Laurenz"]
[Black "Taranowicz, Michal"]
[Result "1-0"]
[ECO "C17"]
[WhiteElo "2427"]
[BlackElo "2164"]
[Annotator "RC"]
[PlyCount "83"]
[EventDate "2024.08.19"]
[EventType "swiss"]
[EventCountry "CZE"]
[SourceTitle "playchess.com"]
[Source "ChessBase"]
[SourceQuality "1"]
[TimeControl "5400+30"]

1. e4 e6 2. d4 d5 3. Nc3 Bb4 4. e5 c5 5. Bd2 Ne7 6. a3 cxd4 7. axb4 dxc3 8. Bxc3 O-O 9. h4 Nd7 10. Nf3 f6 11. exf6 gxf6 12. Nd4 Ne5 13. f4 N5c6 14. Qg4+ Kh8 15. Nxe6 Bxe6 16. Qxe6 d4 17. O-O-O Qc7 18. Bxd4 Qxf4+ 19. Qe3 Qxe3+ 20. Bxe3 Ne5 21. Bc5 Rf7 22. Rh3 a6 23. Rd6 N7c6 24. Re3 Rg8 25. Re4 Rg3 26. b3 Kg7 27. Bf2 Rg6 28. Rd5 Rc7 29. Kb2 Kf7 30. g3 Ne7 31. Rc5 Rd7 32. b5 axb5 33. Rxb5 Nf5 34. Reb4 Nd6 35. Rd5 Ke6 36. Rbd4 f5 37. Be3 Nc6 38. Rd1 Rgg7 39. Bh6 Rge7 40. Bf8 Nb4 41. Rxd6+ Rxd6 42. Re1+ 1-0